 Dungeon Crawl Stone Soup version 0.20.1-1-g8b1a95d (webtiles) character file.

7698 Inchmeat the Fencer (level 11, -2/81 HPs)
             Began as a Barachi Monk on Dec 4, 2017.
             Was a High Priest of Makhleb.
             Killed by divine providence
             ... invoked by an orc priest
              (12 damage)
             ... on level 10 of the Dungeon.
             The game lasted 00:25:43 (12914 turns).

Inchmeat the Fencer (Barachi Monk)                 Turns: 12914, Time: 00:25:44

Health: -2/81      AC: 10    Str: 16    XL:     11   Next: 19%
Magic:  11/11      EV: 13    Int:  8    God:    Makhleb [*****.]
Gold:   494        SH:  4    Dex: 15    Spells: 10/10 levels left

rFire    . . .     SeeInvis .   y - +0 long sword
rCold    . . .     Gourm    .   (no shield)
rNeg     . . .     Faith    .   I - +0 scale mail (curse)
rPois    .         Spirit   .   h - +0 helmet
rElec    .         Reflect  .   (no cloak)
rCorr    .         Harm     .   n - +0 pair of gloves
MR       +....     Rnd*Rage +   (no boots)
Stlth    +++.......             (no amulet)
Regen    0.3/turn               q - ring of stealth
MPRegen  0.2/turn               D - ring of wizardry

@: about to teleport, can't hop, slow
A: +LOS, swims, hooves 1, repulsion field 1, large bone plates 1, slimy green
scales 1, berserk 1, dopey 1, frail 1, magic resistance 1, screaming 1, slowness
1, wild magic 1, strong legs 1
a: Hop, Minor Destruction, Lesser Servant of Makhleb, Major Destruction, Greater
Servant of Makhleb, Renounce Religion


You were on level 10 of the Dungeon.
You worshipped Makhleb.
Makhleb was extremely pleased with you.
You were hungry.

You visited 1 branch of the dungeon, and saw 10 of its levels.

You collected 494 gold pieces.

Inventory:

Hand Weapons
 r - a +0 arbalest
 y - a +0 long sword (weapon)
Missiles
 G - 21 bolts
Armour
 h - a +0 helmet (worn)
 n - a +0 pair of gloves (worn)
 I - a cursed +0 scale mail (worn)
Jewellery
 q - a ring of stealth (left hand)
 A - an uncursed ring of flight
 D - a ring of wizardry (right hand)
Scrolls
 b - a scroll of fog {unknown}
 d - 3 scrolls of magic mapping {unknown}
 e - a scroll of brand weapon {unknown}
 f - 4 scrolls of immolation {unknown}
 g - 4 scrolls of remove curse {@r2}
 m - 2 scrolls of noise {unknown}
 p - a scroll of recharging {unknown}
 s - 2 scrolls of blinking {unknown}
 t - a scroll of enchant armour {unknown}
 x - 2 scrolls of teleportation
 B - 2 scrolls of enchant weapon {unknown}
Potions
 j - 4 potions of flight
 v - 2 potions of cancellation
 z - a potion of brilliance
 C - a potion of ambrosia {unknown}
 E - a potion of invisibility {unknown}
Comestibles
 a - 2 chunks of flesh
 c - a bread ration
 i - 5 meat rations
 k - a fruit
 w - 10 royal jellies


   Skills:
 - Level 10.3 Fighting
 - Level 15.5 Long Blades
 * Level 4.1 Dodging
 - Level 6.1 Stealth


You had 10 spell levels left.
You didn't know any spells.

Dungeon Overview and Level Annotations

Branches:
Dungeon (10/15)            Temple (0/1) D:5            Lair (0/6) D:10
    Orc: D:9-12

Altars:
Cheibriados
Dithmenos
Makhleb
Nemelex Xobeh
Okawaru
Qazlal
Trog
Yredelemnul


Innate Abilities, Weirdness & Mutations

Shadows flee at your approach. (+LOS)
You can swim through water.
You cover ground slowly.
You can hop short distances.
You have large cloven feet.
You are surrounded by a mild repulsion field. (EV +2)
You are partially covered in large bone plates. (SH +4)
You are partially covered in slimy green scales. (AC +2)
You tend to lose your temper in combat.
You are dopey. (Int -2)
You are frail. (-10% HP)
You are resistant to hostile enchantments. (MR+)
You occasionally shout uncontrollably at your foes.
Your spells are a little harder to cast, but a little more powerful.


Message History

Ye hear a shout!
Okay, than.
As ye read tha scroll o' teleportation, it crumbles ta dust.
Ye feel strangely unst'ble.
Tha wyvern bites ye but does nay damage.
Ye block tha warg's attack.
Tha orc priest barely misses ye.
Tha gnoll closely misses ye.
Ye slash tha warg!
Yer kick misses tha warg.
Tha warg be almost dead.
Tha wyvern closely misses ye.
Tha warg bites ye.
* * * LOW HITPOINT WARNIN'
* * * Tha orc priest calls down tha wrath o' Beogh upon ye.
Beogh smites ye!
* * * LOW HITPOINT WARNIN'
* * * Hop ta where?
Press: ? - help, Dir - move target cursor Boin'!
Tha orc priest mumbles some strange prayers ta Beogh against ye.
Beogh smites ye!
Ye die...

....#.#..# ####....
#####.#..# ###.h.gg
......#..# #..[o†#
#######..# #..y§h#
#######..# #..l..#
.........# #.....#
########.# #.....#
####.# #.....# #....#
#.@...#
####....######.....#
#.................###
#.......####....###
#.......# #....#
#.......####....#####
+.......+......†....+
#.......#############
#......##


You could see a hornet, 2 wargs, a wyvern, an orc priest and a gnoll.

Vanquished Creatures
  Pikel (D:9)
  The ghost of Golfball the Basher, a novice GrFi of Okawaru (D:6)
  The ghost of Huntasmo the Skirmisher, a novice HOFi of Zin (D:5)
  A queen bee (D:9)
  2 hippogriffs
  2 wyverns (D:9)
  A hungry ghost (D:7)
  A warg (D:10)
  2 orc warriors
  7 sky beasts
  2 hornet zombies
  A black bear (D:9)
  A slave (D:9)
  2 necrophages
  8 ogres
  7 centaurs
  A crocodile (D:8)
  A big kobold (D:8)
  4 bullfrogs
  2 scorpions
  17 killer bees
  3 wights (D:8)
  3 bullfrog zombies
  A centaur zombie (D:9)
  5 crimson imps
  4 jellies
  2 orc priests
  A centaur skeleton (D:8)
  9 hounds
  6 orc wizards
  3 bullfrog skeletons (D:9)
  3 iguanas
  5 worker ants
  Terence (D:2)
  A killer bee zombie (D:8)
  A hound skeleton (D:4)
  A worker ant zombie (D:5)
  2 gnolls (D:6)
  A howler monkey skeleton (D:4)
  16 adders
  2 shadow imps
  3 oozes
  2 adder zombies
  2 adder skeletons
  4 worms
  6 dart slugs
  41 orcs
  4 giant cockroaches
  7 goblins
  6 hobgoblins
  8 jackals
  5 quokkas
  6 ball pythons
  7 bats
  3 frilled lizards
  A jackal skeleton (D:8)
  13 kobolds
  A quokka skeleton (D:8)
  A quokka zombie (D:8)
  7 rats
262 creatures vanquished.

Vanquished Creatures (others)
  3 slaves (D:9)
  A leopard gecko (D:9)
  An orc (D:9)
5 creatures vanquished.

Grand Total: 267 creatures vanquished

Notes
Turn   | Place    | Note
-------+----------+-------------------------------------------
     0 | D:1      | Inchmeat the Barachi Monk began the quest for the Orb.
     0 | D:1      | Reached XP level 1. HP: 18/18 MP: 1/1
    19 | D:1      | Reached skill level 4 in Long Blades
    19 | D:1      | Reached XP level 2. HP: 12/24 MP: 2/2
   544 | D:1      | Reached XP level 3. HP: 28/29 MP: 3/3
  1436 | D:2      | Noticed Terence
  1470 | D:2      | Reached XP level 4. HP: 20/36 MP: 4/4
  1476 | D:2      | Gained mutation: You are weak. (Str -2) [potion of mutation]
  1476 | D:2      | Gained mutation: You are surrounded by a mild repulsion field. (EV +2) [potion of mutation]
  1480 | D:2      | Killed Terence
  1480 | D:2      | Reached skill level 5 in Long Blades
  2370 | D:3      | Reached XP level 5. HP: 39/41 MP: 5/5
  2504 | D:3      | Found a snail-covered altar of Cheibriados.
  2531 | D:3      | Reached skill level 6 in Long Blades
  3108 | D:3      | Found a sparkling altar of Nemelex Xobeh.
  3604 | D:3      | HP: 1/41 [something/puff of frost (10)]
  3938 | D:4      | Reached XP level 6. HP: 33/47 MP: 6/6
  4171 | D:4      | You fall through a shaft for 3 floors!
  4182 | D:7      | Reached skill level 7 in Long Blades
  4917 | D:6      | Found a burning altar of Makhleb.
  4937 | D:6      | Became a worshipper of Makhleb the Destroyer
  4937 | D:6      | Reached * piety under Makhleb
  4937 | D:6      | Reached ** piety under Makhleb
  4964 | D:6      | Reached skill level 8 in Long Blades
  4964 | D:6      | Reached XP level 7. HP: 41/52 MP: 7/7
  4980 | D:5      | Entered Level 5 of the Dungeon
  6098 | D:5      | Reached skill level 9 in Long Blades
  6107 | D:5      | Gained mutation: You are partially covered in large bone plates. (SH +4) [mutagenic meat]
  6108 | D:5      | Gained mutation: You have large cloven feet. [mutagenic meat]
  6109 | D:5      | Gained mutation: Your spells are a little easier to cast, but a little less powerful. [mutagenic meat]
  6110 | D:5      | Gained mutation: You expend magic power (3 MP) to strengthen your wands. [mutagenic meat]
  6131 | D:5      | Reached skill level 5 in Stealth
  6178 | D:5      | Noticed Huntasmo's ghost (novice HOFi)
  6200 | D:5      | Killed Huntasmo's ghost
  6200 | D:5      | Reached XP level 8. HP: 40/59 MP: 8/8
  6616 | D:5      | Found a basalt altar of Yredelemnul.
  6630 | D:5      | Reached skill level 10 in Long Blades
  6665 | D:5      | Found a staircase to the Ecumenical Temple.
  6788 | D:5      | Gained mutation: You occasionally shout uncontrollably at your foes. [mutagenic meat]
  6789 | D:5      | Gained mutation: You can translocate small distances at will. [mutagenic meat]
  6790 | D:5      | Gained mutation: You are dopey. (Int -2) [mutagenic meat]
  6791 | D:5      | Gained mutation: You tend to lose your temper in combat. [mutagenic meat]
  6792 | D:5      | Gained mutation: You are resistant to hostile enchantments. (MR+) [mutagenic meat]
  6794 | D:5      | Lost mutation: Your spells are a little easier to cast, but a little less powerful. [potion of mutation]
  6794 | D:5      | Lost mutation: You are weak. (Str -2) [potion of mutation]
  6794 | D:5      | Gained mutation: Your magical capacity is low. (-10% MP) [potion of mutation]
  6794 | D:5      | Gained mutation: Your spells are a little harder to cast, but a little more powerful. [potion of mutation]
  6794 | D:5      | Gained mutation: Your muscles are strong. (Str +2) [potion of mutation]
  6999 | D:5      | Reached skill level 11 in Long Blades
  7349 | D:6      | Reached XP level 9. HP: 64/64 MP: 8/8
  7398 | D:6      | Noticed Golfball's ghost (novice GrFi)
  7412 | D:6      | Killed Golfball's ghost
  7412 | D:6      | Reached skill level 12 in Long Blades
  7820 | D:6      | Found an iron altar of Okawaru.
  7888 | D:7      | Gained mutation: You are partially covered in slimy green scales. (AC +2) [mutagenic meat]
  7889 | D:7      | Lost mutation: You expend magic power (3 MP) to strengthen your wands. [mutagenic meat]
  7890 | D:7      | Lost mutation: Your magical capacity is low. (-10% MP) [mutagenic meat]
  7933 | D:7      | Reached skill level 13 in Long Blades
  8100 | D:7      | Reached *** piety under Makhleb
  8276 | D:7      | Reached skill level 14 in Long Blades
  8336 | D:7      | Found a stormy altar of Qazlal.
  8533 | D:8      | Reached XP level 10. HP: 70/70 MP: 10/10
  9089 | D:8      | Reached skill level 15 in Long Blades
  9119 | D:8      | Lost mutation: Your muscles are strong. (Str +2) [mutagenic meat]
  9120 | D:8      | Lost mutation: You can translocate small distances at will. [mutagenic meat]
  9121 | D:8      | Gained mutation: You are frail. (-10% HP) [mutagenic meat]
 10083 | D:8      | Reached **** piety under Makhleb
 10381 | D:9      | Found a bloodstained altar of Trog.
 10435 | D:9      | Reached skill level 5 in Fighting
 10611 | D:9      | Noticed Pikel
 10633 | D:9      | Killed Pikel
 11112 | D:9      | Found a shadowy altar of Dithmenos.
 11996 | D:9      | Reached XP level 11. HP: 69/80 MP: 11/11
 12207 | D:9      | Reached skill level 10 in Fighting
 12434 | D:10     | Entered Level 10 of the Dungeon
 12485 | D:10     | Noticed a two-headed ogre
 12815 | D:10     | Found a shadowy altar of Dithmenos.
 12876 | D:10     | Reached ***** piety under Makhleb
 12889 | D:10     | Found a staircase to the Lair.
 12914 | D:10     | Killed from afar by an orc priest

Skill      XL: |  1  2  3  4  5  6  7  8  9 10 11 |
---------------+----------------------------------+-----
Stealth        | 2 3 4 5 6 |  6.1
Long Blades    | 4 5 6 8 9 11 14 15 | 15.5
Fighting       | 9 10 | 10.3
Dodging        | 4 |  4.1

Action                   |  1- 3 |  4- 6 |  7- 9 | 10-12 || total
-------------------------+-------+-------+-------+-------++-------
Melee: Falchion          |   100 |   217 |       |       ||   317
       Long sword        |       |    50 |   326 |   456 ||   832
       Kick              |       |       |    94 |   154 ||   248
 Abil: Hop               |       |     1 |     2 |     2 ||     5
  Use: Scroll            |       |     7 |     2 |     6 ||    15
       Potion            |       |     3 |     4 |     5 ||    12
 Stab: Sleeping          |     4 |     4 |     6 |     7 ||    21
       Distracted        |       |     1 |     1 |     2 ||     4
  Eat: Chunk             |     2 |    13 |    32 |    12 ||    59
       Fruit             |       |       |     2 |     4 ||     6
       Bread ration      |       |       |       |     1 ||     1
Armor: Ring mail         |    44 |    93 |   102 |    63 ||   302
       Scale mail        |       |       |       |    46 ||    46
Dodge: Dodged            |    79 |   190 |   200 |   247 ||   716
Block: Other             |       |       |    35 |    80 ||   115
       Rpst.: Falchion   |    28 |    36 |       |       ||    64
       Long sword        |       |    14 |    63 |    70 ||   147
